 Dungeon Crawl Stone Soup version 0.18-a0-1123-gbd92598 (webtiles) character file.

13753 MrRokkomies the Grappler (level 11, -32/156 HPs)
             Began as a Troll Monk on Jan 19, 2016.
             Killed from afar by a lich (43 damage)
             ... with an iron shot
             ... on level 1 of the Abyss.
             The game lasted 00:29:38 (10803 turns).

MrRokkomies the Grappler (Troll Monk)              Turns: 10803, Time: 00:29:38

Health: -32/156    AC: 25    Str: 23    XL:     11   Next: 79%
Magic:  16/19      EV:  1    Int:  9    God:    Xom [.*....]
Gold:   709        SH:  0    Dex: 10    Spells: 2 memorised, 6 levels left

rFire  + . .     SeeInvis .       - Unarmed
rCold  . . .     Gourm    +     (armour currently unavailable)
rNeg   + + +     Faith    .     (no shield)
rPois  +         Spirit   .     (helmet currently unavailable)
rElec  .         Dismiss  .     (cloak currently unavailable)
rCorr  .         Reflect  .     (gloves unavailable)
SustAt .         Harm     .     (boots unavailable)
MR     .....     Clarity  +     O - amulet of magic regeneration
Stlth  ++........ NoTele   +    X - ring of magical power
                                w - ring of protection from fire

@: tree-form, drained, not resistant to hostile enchantments, unstealthy
A: unfitting armour, (claws 0), (horns 0), (talons 0), (iridescent scales 0),
clarity, clumsy 1, (deformed body), fast metabolism 3, gourmand, regeneration 2,
(shaggy fur 0), strong 1, (tough skin 0)
a: Renounce Religion


You were on level 1 of the Abyss.
You worshipped Xom.
You were a plaything of Xom.
You were full.
You were a tree.
You visited 1 branch of the dungeon, and saw 11 of its levels.
You visited the Abyss 2 times.
You also visited: Sewer.

You collected 1281 gold pieces.
You spent 572 gold pieces at shops.

Inventory:

Hand Weapons
 b - a +0 blowgun
Missiles
 c - 400 stones
 n - 2 curare-tipped needles
 u - 66 poisoned needles
 L - 7 tomahawks (quivered)
Armour
 h - a +0 cloak (melded)
 o - a +2 hat of magic resistance (melded)
 G - a +0 large shield
 V - the +4 moon troll leather armour (melded) {Spirit, Regen++ MP+5}
   (You bought it in a shop on level 10 of the Dungeon)

   It affects your magic capacity (+5).
   It increases your rate of regeneration.
Magical Staves
 z - an uncursed staff of air
Jewellery
 w - a ring of protection from fire (left branch)
 y - an uncursed ring of protection from fire
 O - an amulet of magic regeneration (around neck)
 X - a ring of magical power (right branch)
Wands
 g - a wand of disintegration (11/24)
 s - a wand of digging (2/24)
 t - a wand of random effects (16/48)
 N - a wand of cold (10/15)
 T - a wand of teleportation (8/9)
Scrolls
 d - 6 scrolls of teleportation
 i - 2 scrolls of identify
 k - a scroll of recharging
 x - 2 scrolls of blinking
 C - 5 scrolls of remove curse
 E - 3 scrolls of magic mapping
 I - 2 scrolls of immolation
 Y - a scroll of vulnerability {unknown}
 Z - a scroll of enchant weapon {unknown}
Potions
 a - 3 potions of mutation
 e - 4 potions of flight
 f - 7 potions of curing
 m - 2 potions of haste
 p - a potion of resistance
 r - 2 potions of magic
 v - a potion of experience {unknown}
 A - a potion of lignification
 B - a potion of brilliance
 J - 2 potions of berserk rage {unknown}
 K - 2 potions of cancellation {unknown}
 Q - 2 potions of ambrosia {unknown}
 S - a potion of beneficial mutation {unknown}
 U - a potion of cure mutation {unknown}
 W - a potion of might
Books
 D - a book of Fire

   Spells                             Type                      Level
   a - Ignite Poison                  Fire/Transmutation/Poison    3
   b - Fireball                       Conjuration/Fire             5
   c - Bolt of Fire                   Conjuration/Fire             6
   d - Delayed Fireball               Conjuration/Fire             7
   e - Ring of Flames                 Charms/Fire                  7
 H - a Fen Folio

   Spells                             Type                      Level
   a - Corpse Rot                     Necromancy                   2
   b - Stone Arrow                    Conjuration/Earth            3
   c - Leda's Liquefaction            Hexes/Earth                  4
   d - Summon Forest                  Summoning/Translocation      5
   e - Hydra Form                     Transmutation                6
   f - Summon Hydra                   Summoning                    7
 M - a book of Minor Magic

   Spells                             Type                      Level
   a - Magic Dart                     Conjuration                  1
   b - Blink                          Translocation                2
   c - Call Imp                       Summoning                    2
   d - Repel Missiles                 Charms/Air                   2
   e - Slow                           Hexes                        2
   f - Conjure Flame                  Conjuration/Fire             3
   g - Mephitic Cloud                 Conjuration/Poison/Air       3
 R - a Grand Grimoire

   Spells                             Type                      Level
   a - Monstrous Menagerie            Summoning                    7
   b - Summon Greater Demon           Summoning                    7
   c - Malign Gateway                 Summoning/Translocation      7
   d - Summon Horrible Things         Summoning                    8
Comestibles
 j - 8 fruits
 l - 6 meat rations
 q - a royal jelly
 F - a slice of pizza
 P - 9 bread rations


   Skills:
 - Level 5.3(5.2) Fighting
 - Level 6.6(6.4) Dodging
 - Level 1.1(0.9) Stealth
 * Level 8.3(8.1) Shields
 * Level 13.7(13.5) Unarmed Combat


You had 6 spell levels left.
You knew the following spells:

 Your Spells              Type           Power        Failure   Level  Hunger
a - Blink                 Tloc           N/A          65%         2    ###....
b - Repel Missiles        Chrm/Air       #.....       65%         2    ###....


Dungeon Overview and Level Annotations

Branches:
Dungeon (11/15)            Temple (0/1) D:6            Lair (0/8) D:10
    Orc (0/2) D:10

Altars:
Cheibriados
Elyvilon
Fedhas
Gozag
Makhleb
Nemelex Xobeh
Qazlal
Xom
The Shining One

Shops:
D:5 *   D:6 ?   D:10 [

Annotations:
D:11 Erolcha


Innate Abilities, Weirdness & Mutations

You are too large for most types of armour.
((You have claws for hands.))
Your metabolism is lightning-fast.
You like to eat raw meat.
You heal very quickly.
((You are covered in fur (AC +1).))
((You have very tough skin (AC +2).))
((You have a pair of small horns on your head.))
((You have sharp toenails.))
((You are partially covered in iridescent scales (AC +4).))
You possess an exceptional clarity of mind.
You are clumsy. (Dex -2)
((Armour fits poorly on your strangely shaped body.))
Your muscles are strong. (Str +2)


Message History

The wavering orb of destruction weakly hits you!
* * * LOW HITPOINT WARNING * * *
Xom is highly amused!
You hit the lich but do no damage. You punch the lich, but do no damage.
The lich is heavily damaged.
The lich touches you but does no damage.
You hit the lich. You punch the lich.
The lich is severely damaged.
You pummel the lich!!
The lich is almost destroyed.
The lich gestures at you while chanting.
The iron shot hits you!
* * * LOW HITPOINT WARNING * * *
Xom roars with laughter!
Drink which item? (? for menu, Esc to quit)
You feel better.
The lich points at you and mumbles some strange words.
The iron shot hits you!
You die...
Xom thinks this is hilarious!

. .. # #.
#.. #. . .#
# . # ###..X
.. # .# #..
. #. # ...##
..x.##.# x#
.. .# ..
.....# # ##
####.#. #
####.## .###
#...7.#...
#>##L....##
#.#....#...#
####.### #.#
#... .. #
... .... ...
.. ..... #.
. ###. #


You could see a lich.

Vanquished Creatures
  An iron troll (D:9)
  A deep troll (D:9)
  An unseen horror (D:10)
  A mana viper (D:9)
  A worldbinder (Abyss:1)
  A salamander (D:11)
  A manticore (D:11)
  A centaur skeleton (D:10)
  4 trolls (D:9)
  A two-headed ogre (D:11)
  2 large abominations (Abyss:1)
  3 raiju (Abyss:1)
  Sigmund (D:3)
  2 wyverns
  10 yaks
  3 hippogriffs
  A hungry ghost (D:9)
  A warg (D:8)
  2 water moccasins
  The ghost of MrRokkomies the Ruffian, an amateur TrMo of Xom (D:3)
  A black bear (D:11)
  2 orc warriors
  A wasp (D:9)
  4 sky beasts
  2 ice beasts
  5 ogres
  A necrophage (D:5)
  2 phantoms
  A small abomination (Abyss:1)
  6 giant frogs
  2 big kobolds
  2 scorpions
  A wyvern skeleton (D:11)
  18 killer bees
  7 wights
  2 electric eels (D:9)
  A centaur zombie (D:5)
  4 crimson imps
  4 giant frog zombies
  4 hounds
  6 orc wizards
  A gnoll shaman (D:6)
  5 orc priests
  6 jellies
  2 giant frog skeletons
  Ijyb (D:3)
  Natasha (thrice) (D:2)
  4 iguanas
  8 worker ants
  A worker ant zombie (D:5)
  Robin (D:3)
  6 gnolls
  11 adders
  2 shadow imps
  6 oozes
  An adder zombie (D:7)
  An adder skeleton (D:6)
  4 worms
  5 giant geckos
  30 orcs
  5 ball pythons
  9 giant cockroaches
  14 goblins
  5 hobgoblins
  16 jackals
  3 quokkas
  16 bats
  A giant gecko skeleton (D:4)
  A giant newt (D:2)
  A jackal skeleton (D:8)
  18 kobolds
  A quokka skeleton (D:4)
  A quokka zombie (D:8)
  4 rats
  A butterfly (D:3)
309 creatures vanquished.

Vanquished Creatures (collateral kills)
  2 trolls (D:9)
  An orc warrior (D:8)
  2 orc wizards (D:6)
  3 orcs
8 creatures vanquished.

Vanquished Creatures (others)
  7 starspawn tentacles (Abyss:1)
  4 starspawn tentacle segments (Abyss:1)
11 creatures vanquished.

Grand Total: 328 creatures vanquished

Notes
Turn   | Place    | Note
--------------------------------------------------------------
     0 | D:1      | MrRokkomies the Troll Monk began the quest for the Orb.
     0 | D:1      | Reached XP level 1. HP: 22/22 MP: 0/0
    74 | D:1      | Reached XP level 2. HP: 19/29 MP: 1/1
   499 | D:2      | Reached XP level 3. HP: 34/37 MP: 2/2
   696 | D:2      | Noticed Natasha
   710 | D:2      | Killed Natasha
   710 | D:2      | Reached XP level 4. HP: 7/45 MP: 3/3
   724 | D:2      | Noticed Natasha
   743 | D:2      | Killed Natasha
   743 | D:2      | Reached skill level 5 in Unarmed Combat
   888 | D:2      | Noticed Natasha
   896 | D:2      | Killed Natasha
  1030 | D:2      | Found a stormy altar of Qazlal.
  1363 | D:2      | Reached XP level 5. HP: 54/54 MP: 4/4
  1568 | D:3      | Found a glowing drain.
  1572 | Sewer    | Entered a sewer
  2348 | D:3      | Noticed Ijyb
  2375 | D:3      | Killed Ijyb
  2375 | D:3      | Reached XP level 6. HP: 38/63 MP: 5/5
  2403 | D:3      | Found a shimmering altar of Xom.
  2407 | D:3      | Became a worshipper of Xom of Chaos
  2460 | D:3      | Noticed Sigmund
  2477 | D:3      | Killed Sigmund
  2477 | D:3      | Reached skill level 6 in Unarmed Combat
  2526 | D:3      | Noticed Robin
  2540 | D:3      | XOM: harmless Necr miscast
  2559 | D:3      | Cast into level 1 of the Abyss (Robin)
  2559 | D:3      | Escaped the Abyss
  2559 | D:3      | XOM: revert banishment
  2560 | D:3      | Killed Robin
  2560 | D:3      | Reached skill level 5 in Fighting
  2786 | D:3      | Found a stormy altar of Qazlal.
  2939 | D:3      | Noticed MrRokkomies's ghost (amateur TrMo)
  2945 | D:3      | XOM: potion effect (haste)
  2954 | D:3      | Killed MrRokkomies's ghost
  2954 | D:3      | Reached XP level 7. HP: 51/72 MP: 6/6
  3205 | D:4      | XOM: mild Chrm miscast
  3256 | D:4      | Reached skill level 7 in Unarmed Combat
  3381 | D:4      | XOM: divination: magic mapping
  3424 | D:4      | XOM: divination: detect items
  3954 | D:5      | Entered Level 5 of the Dungeon
  3966 | D:5      | Noticed a hippogriff
  3978 | D:5      | Killed a hippogriff
  4008 | D:5      | XOM: enchant monster (good)
  4012 | D:5      | XOM: harmless Hex miscast
  4026 | D:5      | XOM: divination: detect creatures
  4028 | D:5      | Found a shimmering altar of Xom.
  4042 | D:5      | Reached XP level 8. HP: 62/80 MP: 7/7
  4074 | D:5      | XOM: harmless Pois miscast
  4187 | D:5      | XOM: cast spell 'Necromutation'
  4217 | D:5      | Reached skill level 8 in Unarmed Combat
  4268 | D:5      | XOM: god gift: 34 gold pieces
  4353 | D:5      | XOM: medium Necr miscast
  4511 | D:5      | Found Jaggulej's General Store.
  4693 | D:6      | XOM: harmless Erth miscast
  4695 | D:6      | Reached skill level 5 in Dodging
  4801 | D:6      | Found a sparkling altar of Nemelex Xobeh.
  4883 | D:6      | Reached skill level 9 in Unarmed Combat
  4912 | D:6      | Found Dehoceh's Magic Scroll Emporium.
  4997 | D:6      | Found a staircase to the Ecumenical Temple.
  5074 | D:6      | XOM: give mutations
  5074 | D:6      | Gained mutation: You are clumsy. (Dex -2) [Xom's mischief]
  5074 | D:6      | Gained mutation: Armour fits poorly on your strangely shaped body. [Xom's mischief]
  5074 | D:6      | Gained mutation: You are very clumsy. (Dex -4) [Xom's mischief]
  5074 | D:6      | Lost mutation: You are very clumsy. (Dex -4) [Xom's mischief]
  5194 | D:6      | Reached XP level 9. HP: 67/88 MP: 8/8
  5243 | D:6      | XOM: 2-stop teleportation journey
  5373 | D:6      | XOM: vitrification
  5483 | D:6      | XOM is BORED!
  5483 | D:6      | XOM: severe Pois miscast
  5927 | D:7      | XOM: swap monsters
  5976 | D:7      | Learned a level 2 spell: Blink
  5979 | D:7      | Learned a level 2 spell: Repel Missiles
  5986 | D:7      | Found a burning altar of Makhleb.
  5990 | D:7      | Found a glowing golden altar of the Shining One.
  5991 | D:7      | Found a white marble altar of Elyvilon.
  5991 | D:7      | Found a blossoming altar of Fedhas.
  6395 | D:8      | XOM: polymorph sky beast -> warg
  6463 | D:8      | Reached skill level 10 in Unarmed Combat
  6499 | D:8      | XOM: vitrification
  6553 | D:8      | Reached skill level 1 in Shields
  6828 | D:8      | XOM: vitrification
  6910 | D:8      | XOM: god gift: 660 gold pieces
  7288 | D:8      | XOM: give mutations
  7288 | D:8      | Gained mutation: You have sharp toenails. [Xom's grace]
  7288 | D:8      | Gained mutation: You have a pair of small horns on your head. [Xom's grace]
  7288 | D:8      | Gained mutation: Your muscles are strong. (Str +2) [Xom's grace]
  7288 | D:8      | Gained mutation: You are partially covered in iridescent scales (AC +4). [Xom's grace]
  7382 | D:8      | XOM: cast spell 'Discord'
  7387 | D:8      | Reached XP level 10. HP: 69/96 MP: 9/9
  7406 | D:8      | Found a snail-covered altar of Cheibriados.
  7726 | D:8      | XOM: noise
  7916 | D:9      | XOM: swap monsters
  7925 | D:9      | Reached skill level 11 in Unarmed Combat
  7983 | D:9      | Found an opulent altar of Gozag.
  8135 | D:9      | Found a runed door.
  8140 | D:9      | Found a runed door.
  8146 | D:9      | Noticed an iron troll
  8156 | D:9      | Killed an iron troll
  8171 | D:9      | XOM: summons 3 friendly demons
  8176 | D:9      | Reached skill level 5 in Shields
  8235 | D:9      | Noticed a deep troll
  8235 | D:9      | Noticed a deep troll
  8240 | D:9      | XOM: enchant monster (good)
  8240 | D:9      | XOM: smoke on damage
  8246 | D:9      | Noticed a mana viper
  8246 | D:9      | a deep troll changed into a mana viper
  8246 | D:9      | XOM: polymorph deep troll -> mana viper
  8250 | D:9      | Killed a deep troll
  8250 | D:9      | Reached skill level 12 in Unarmed Combat
  8254 | D:9      | Killed a mana viper
  8346 | D:9      | XOM: god gift: 10 arrows of dispersal
  8872 | D:9      | XOM is BORED!
  8872 | D:9      | XOM: stat loss: -3 Int (6/9)
  8886 | D:10     | Entered Level 10 of the Dungeon
  8899 | D:10     | Found a staircase to the Orcish Mines.
  8917 | D:10     | Reached XP level 11. HP: 96/104 MP: 10/10
  8930 | D:10     | XOM: enchant monster (good)
  9180 | D:10     | Killed an unseen horror
  9359 | D:10     | XOM: god gift: ring mail {god gift}
  9390 | D:10     | XOM: swap monsters
  9441 | D:10     | Found Xadypse's Armour Boutique.
  9443 | D:10     | Found a staircase to the Lair.
  9453 | D:10     | Bought the +4 moon troll leather armour {Spirit, Regen++ MP+5} for 572 gold pieces
  9884 | D:11     | XOM: give mutation
  9884 | D:11     | Gained mutation: You possess an exceptional clarity of mind. [Xom's grace]
  9935 | D:11     | XOM: divination: detect creatures
  9968 | D:11     | Reached skill level 13 in Unarmed Combat
 10098 | D:11     | XOM: noise
 10132 | D:11     | XOM: divination: detect items
 10215 | D:11     | XOM: polymorph queen bee -> salamander
 10239 | D:11     | XOM: 1-stop teleportation journey
 10291 | D:11     | Noticed Erolcha
 10291 | D:11     | Cast into level 1 of the Abyss (Erolcha)
 10318 | Abyss:1  | XOM: noise
 10319 | Abyss:1  | XOM: noise
 10345 | Abyss:1  | XOM: noise
 10351 | Abyss:1  | Noticed a tentacled starspawn
 10364 | Abyss:1  | Noticed a deep elf mage
 10364 | Abyss:1  | Noticed a deep elf mage
 10365 | Abyss:1  | XOM: potion effect (berserk rage)
 10399 | Abyss:1  | Noticed a revenant
 10407 | Abyss:1  | Noticed a spectral fire giant
 10408 | Abyss:1  | Noticed a spectral quicksilver dragon
 10410 | Abyss:1  | Noticed a black draconian annihilator
 10420 | Abyss:1  | Noticed a large abomination
 10420 | Abyss:1  | XOM: noise
 10424 | Abyss:1  | Noticed a spectral frost giant
 10451 | Abyss:1  | XOM: harmless Summ miscast
 10453 | Abyss:1  | XOM: summons friendly iron imp
 10454 | Abyss:1  | XOM: confuse monster(s)
 10491 | Abyss:1  | Noticed a tentacled starspawn
 10495 | Abyss:1  | XOM: confuse monster(s)
 10794 | Abyss:1  | Noticed a lich
 10802 | Abyss:1  | HP: 2/156 [lich/iron shot (33)]
 10803 | Abyss:1  | Killed from afar by a lich

Vault maps used:
D:1:      minmay_arrival_split_and_join
D:2:      grunt_qazlal_clouds, uniq_natasha
D:3:      old_standard_altar, xom_butterflies, first_bread,
          gup_sewer_entry_spiral, minmay_misc_feat_iff, uniq_iyjb, uniq_sigmund,
          uniq_robin
D:4:      kennysheep_nondescript
D:5:      serial_shops, nicolae_shop_window_shopping, xom_teletrap_fun
D:6:      nicolae_overflow_crystal_walls, minmay_temple_entry_fiery,
          serial_co_window_serial, co_window_corner_a, co_window_cross_1,
          co_window_corner_a, co_window_paths_b, co_window_paths_a,
          co_window_corner_a, co_window_corner_a, co_window_corner_a,
          co_window_corner_a, co_window_corner_b, co_window_corner_b,
          co_window_corner_b, co_window_broadway_b, glass_columns_c,
          glass_columns_a, glass_columns_a, serial_shops, shop,
          kennysheep_generic_room_10
D:7:      minitemple
D:8:      lemuel_crystal_altar
D:9:      lemuel_troll_bridge, serial_glass, glass_columns_b, glass_columns_b,
          basic_altar
D:10:     lair_0_dummy, david_orc_3, serial_shops, nicolae_shop_waterfront
D:11:     david_nohive_1, uniq_erolcha
Sewer:    sewer_fruit_machine

Action                   |  1- 3 |  4- 6 |  7- 9 | 10-12 || total
-------------------------+-------+-------+-------+-------++-------
Melee: Unarmed           |    99 |   262 |   371 |   310 ||  1042
 Fire: Blowgun           |       |       |       |     8 ||     8
Throw: Stone             |       |    18 |       |       ||    18
Evoke: Wand              |       |     2 |       |       ||     2
  Use: Scroll            |     3 |     6 |     9 |     7 ||    25
       Potion            |       |     2 |       |    12 ||    14
 Stab: Sleeping          |     2 |     3 |     2 |     1 ||     8
       Distracted        |       |     1 |       |       ||     1
       Confused          |       |     1 |       |     1 ||     2
       Petrified         |       |       |     1 |       ||     1
       Fleeing           |       |       |     1 |       ||     1
  Eat: Chunk             |     4 |    25 |    38 |    31 ||    98
       Meat ration       |       |     1 |       |       ||     1
